[ PARTIDA AOE2 · #476669800 ]
Team RMIndostaníes vs Sicilians
[ ANÁLISIS DE REPETICIÓN · EXTRAÍDO DE LA PARTIDA GRABADA ]
Feudal
12:17
Castillos
20:04
Imperial
44:27
| APM promedio | 22.5 |
| APM pico | 73 |
| eAPM promedio | 11.8 |
| Aldeanos / militares | 172 / 192 |
Foco
⚔️ 39.9% · 🌾 60.1%
Hand Cannoneer ×103 · Scout Cavalry ×52 · Trade Cart ×41 · Militia ×12 · Archer ×10 · Monk ×6
Feudal
15:09
Castillos
—
Imperial
—
| APM promedio | 7.1 |
| APM pico | 43 |
| eAPM promedio | 4.5 |
| Aldeanos / militares | 58 / 31 |
Foco
⚔️ 24.3% · 🌾 75.7%
Serjeant ×31
Feudal
13:21
Castillos
19:38
Imperial
37:14
| APM promedio | 15.8 |
| APM pico | 75 |
| eAPM promedio | 14.5 |
| Aldeanos / militares | 138 / 383 |
Foco
⚔️ 55.0% · 🌾 45.0%
Ratha (Ranged) ×189 · Battle Elephant ×111 · Scorpion ×31 · Armored Elephant ×25 · Scout Cavalry ×23 · Trade Cart ×21
Feudal
12:17
Castillos
17:08
Imperial
35:04
| APM promedio | 22.5 |
| APM pico | 50 |
| eAPM promedio | 15.2 |
| Aldeanos / militares | 132 / 330 |
Foco
⚔️ 29.6% · 🌾 70.4%
Genoese Crossbowman ×223 · Hand Cannoneer ×81 · Trade Cart ×49 · Bombard Cannon ×24 · Monk ×1 · Trebuchet (Packed) ×1
Feudal
12:11
Castillos
21:49
Imperial
33:53
| APM promedio | 11.6 |
| APM pico | 46 |
| eAPM promedio | 8.7 |
| Aldeanos / militares | 96 / 175 |
Foco
⚔️ 39.3% · 🌾 60.7%
War Elephant ×75 · Archer ×56 · Trade Cart ×16 · Bombard Cannon ×15 · Mangonel ×14 · Scorpion ×8
Feudal
11:27
Castillos
17:19
Imperial
32:30
| APM promedio | 28.2 |
| APM pico | 88 |
| eAPM promedio | 12.0 |
| Aldeanos / militares | 99 / 103 |
Foco
⚔️ 16.1% · 🌾 83.9%
Scorpion ×66 · Mangonel ×32 · Trade Cart ×25 · Trebuchet (Packed) ×5
Feudal
—
Castillos
—
Imperial
—
| APM promedio | 12.2 |
| APM pico | 46 |
| eAPM promedio | 10.4 |
| Aldeanos / militares | 90 / 196 |
Foco
⚔️ 48.0% · 🌾 52.0%
Konnik ×69 · Militia ×64 · Spearman ×34 · Battering Ram ×29
Feudal
13:02
Castillos
21:58
Imperial
34:02
| APM promedio | 18.9 |
| APM pico | 75 |
| eAPM promedio | 10.2 |
| Aldeanos / militares | 100 / 356 |
Foco
⚔️ 34.8% · 🌾 65.2%
Knight ×299 · Scout Cavalry ×49 · Trade Cart ×11 · Spearman ×4 · Monk ×2 · Trebuchet (Packed) ×2
Mapa de la partida
Recursos al inicio + cada clic de construcción. Línea gruesa = muro · recuadro discontinuo = muro de casas detectado. 🟡 oro · ⚪ piedra · 🟢 bayas · 🔶 jabalí · ⭕ reliquia
Inputs por minuto
— Meeting - - fernandojrz.0312
Build order — Meeting
Primeras 150 de 421 acciones detectadas
| 0:08 | Construir | House |
| 0:10 | Construir | House |
| 0:12 | Construir | House |
| 0:13 | Crear | Villager (Male) |
| 0:13 | Crear | Villager (Male) |
| 0:13 | Crear | Villager (Male) |
| 0:17 | Crear | Villager (Male) |
| 1:26 | Crear | Villager (Male) |
| 1:26 | Crear | Villager (Male) |
| 1:54 | Construir | House |
| 2:39 | Construir | House |
| 2:41 | Crear | Villager (Male) |
| 2:42 | Crear | Villager (Male) |
| 2:51 | Crear | Villager (Male) |
| 3:42 | Crear | Villager (Male) |
| 4:02 | Crear | Villager (Male) |
| 4:02 | Crear | Villager (Male) |
| 4:26 | Construir | Lumber Camp |
| 5:08 | Crear | Villager (Male) |
| 5:13 | Investigar | Loom |
| 5:37 | Crear | Villager (Male) |
| 6:57 | Crear | Villager (Male) |
| 6:58 | Crear | Villager (Male) |
| 7:39 | Construir | Mill |
| 7:42 | Crear | Villager (Male) |
| 7:56 | Crear | Villager (Male) |
| 8:33 | Crear | Villager (Male) |
| 8:54 | Construir | House |
| 9:29 | Construir | Farm |
| 9:30 | Construir | Farm |
| 9:30 | Construir | Farm |
| 9:30 | Construir | Farm |
| 10:07 | Investigar | Feudal Age |
| 10:25 | Construir | Lumber Camp |
| 10:54 | Crear | Villager (Male) |
| 10:54 | Crear | Villager (Male) |
| 10:59 | Crear | Villager (Male) |
| 11:14 | Construir | Barracks |
| 11:51 | Construir | House |
| 12:17 | Edad | Edad Feudal |
| 12:25 | Construir | Watch Tower |
| 12:28 | Crear | Villager (Male) |
| 12:38 | Construir | Mining Camp |
| 12:47 | Construir | Mining Camp |
| 12:48 | Crear | Villager (Male) |
| 12:57 | Crear | Villager (Male) |
| 13:24 | Crear | Villager (Male) |
| 13:36 | Construir | Farm |
| 13:36 | Construir | Farm |
| 13:51 | Crear | Villager (Male) |
| 13:51 | Crear | Villager (Male) |
| 14:30 | Construir | Archery Range |
| 14:37 | Crear | Villager (Male) |
| 14:48 | Crear | Villager (Male) |
| 14:51 | Investigar | Double-Bit Axe |
| 14:55 | Construir | Blacksmith |
| 15:05 | Crear | Villager (Male) |
| 15:17 | Construir | House |
| 15:19 | Construir | House |
| 15:38 | Crear | Archer |
| 15:38 | Crear | Archer |
| 15:39 | Crear | Archer |
| 15:39 | Crear | Archer |
| 15:47 | Crear | Militia |
| 15:59 | Crear | Villager (Male) |
| 16:41 | Crear | Villager (Male) |
| 17:02 | Construir | Farm |
| 17:02 | Construir | Farm |
| 17:15 | Construir | Farm |
| 17:15 | Construir | Farm |
| 17:24 | Investigar | Castle Age |
| 20:04 | Edad | Edad de los Castillos |
| 20:28 | Construir | Monastery |
| 20:40 | Construir | Town Center |
| 20:46 | Crear | Villager (Male) |
| 20:46 | Crear | Villager (Male) |
| 21:17 | Crear | Monk |
| 21:25 | Investigar | Man-at-Arms (upgrade) |
| 21:27 | Crear | Militia |
| 21:27 | Crear | Militia |
| 21:51 | Construir | Siege Workshop |
| 21:54 | Crear | Villager (Male) |
| 22:50 | Crear | Militia |
| 23:06 | Crear | Militia |
| 23:24 | Crear | Villager (Male) |
| 23:24 | Crear | Villager (Male) |
| 23:26 | Crear | Militia |
| 23:34 | Crear | Militia |
| 23:38 | Crear | Monk |
| 24:06 | Crear | Militia |
| 24:11 | Investigar | Forging |
| 24:18 | Crear | Archer |
| 24:19 | Crear | Archer |
| 25:07 | Crear | Mangonel |
| 25:07 | Crear | Mangonel |
| 25:11 | Crear | Villager (Male) ×5 |
| 25:22 | Construir | Town Center |
| 25:26 | Crear | Villager (Male) |
| 25:43 | Crear | Militia |
| 26:25 | Construir | House |
| 26:35 | Construir | Watch Tower |
| 26:45 | Crear | Villager (Male) |
| 26:45 | Crear | Villager (Male) |
| 27:04 | Crear | Militia |
| 27:04 | Crear | Militia |
| 27:18 | Construir | Farm |
| 27:19 | Construir | Farm |
| 27:19 | Construir | Farm |
| 27:19 | Construir | Farm |
| 27:19 | Construir | Farm |
| 28:12 | Investigar | Crossbowman (upgrade) |
| 28:13 | Investigar | Thumb Ring |
| 28:14 | Crear | Archer |
| 28:15 | Crear | Archer |
| 28:15 | Crear | Archer |
| 28:15 | Crear | Archer |
| 28:51 | Crear | Militia |
| 29:26 | Crear | Monk |
| 29:35 | Crear | Villager (Male) ×5 |
| 30:03 | Construir | Stone Wall |
| 30:32 | Construir | Building 487 |
| 30:46 | Crear | Monk |
| 31:21 | Construir | Lumber Camp |
| 31:26 | Crear | Villager (Male) ×5 |
| 32:45 | Construir | Castle |
| 33:11 | Construir | House |
| 33:13 | Construir | House |
| 33:14 | Construir | House |
| 33:21 | Construir | House |
| 33:23 | Construir | House |
| 33:25 | Construir | House |
| 33:26 | Construir | House |
| 33:31 | Crear | Villager (Male) ×5 |
| 34:16 | Investigar | Gold Mining |
| 34:16 | Investigar | Stone Mining |
| 34:26 | Construir | Farm |
| 34:27 | Construir | Farm |
| 34:39 | Construir | Farm |
| 34:39 | Construir | Farm |
| 34:39 | Construir | Farm |
| 34:40 | Construir | Farm |
| 34:40 | Construir | Farm |
| 34:40 | Construir | Farm |
| 34:40 | Construir | Farm |
| 34:45 | Crear | Villager (Male) ×3 |
| 34:46 | Crear | Villager (Male) ×3 |
| 34:46 | Crear | Villager (Male) ×3 |
| 35:01 | Construir | Farm |
| 35:01 | Construir | Farm |
| 35:02 | Construir | Farm |
Build order — fernandojrz.0312
Primeras 150 de 155 acciones detectadas
| 0:05 | Construir | House |
| 0:06 | Construir | House |
| 0:07 | Construir | House |
| 0:15 | Crear | Villager (Male) |
| 0:15 | Crear | Villager (Male) |
| 0:15 | Crear | Villager (Male) |
| 0:16 | Crear | Villager (Male) |
| 0:23 | Investigar | Loom |
| 0:55 | Construir | Palisade Wall |
| 2:01 | Construir | Palisade Wall |
| 2:46 | Construir | Palisade Wall |
| 3:23 | Construir | Palisade Wall |
| 4:18 | Crear | Villager (Male) |
| 4:18 | Crear | Villager (Male) |
| 4:19 | Crear | Villager (Male) |
| 4:19 | Crear | Villager (Male) |
| 4:58 | Crear | Villager (Male) |
| 5:30 | Crear | Villager (Male) |
| 5:37 | Construir | Palisade Wall |
| 6:04 | Crear | Villager (Male) |
| 6:43 | Construir | Palisade Wall |
| 7:33 | Crear | Villager (Male) |
| 7:33 | Crear | Villager (Male) |
| 7:36 | Crear | Villager (Male) |
| 7:36 | Crear | Villager (Male) |
| 8:18 | Construir | Palisade Wall |
| 8:35 | Crear | Villager (Male) |
| 8:35 | Crear | Villager (Male) |
| 8:43 | Construir | House |
| 8:45 | Construir | House |
| 9:02 | Crear | Villager (Male) |
| 9:34 | Crear | Villager (Male) |
| 9:34 | Crear | Villager (Male) |
| 9:35 | Crear | Villager (Male) |
| 9:46 | Crear | Villager (Male) |
| 9:46 | Crear | Villager (Male) |
| 10:04 | Crear | Villager (Male) |
| 10:11 | Crear | Villager (Male) |
| 10:50 | Construir | Mining Camp |
| 11:19 | Construir | Mill |
| 11:38 | Crear | Villager (Male) |
| 11:55 | Construir | Lumber Camp |
| 12:59 | Investigar | Feudal Age |
| 13:40 | Construir | Donjon |
| 13:53 | Crear | Villager (Male) |
| 13:53 | Crear | Villager (Male) |
| 13:59 | Construir | House |
| 14:01 | Construir | House |
| 14:02 | Construir | House |
| 14:04 | Construir | House |
| 14:29 | Construir | Donjon |
| 14:59 | Crear | Villager (Male) |
| 14:59 | Crear | Villager (Male) |
| 15:09 | Edad | Edad Feudal |
| 15:10 | Investigar | Wheelbarrow |
| 15:12 | Investigar | Double-Bit Axe |
| 15:24 | Crear | Villager (Male) |
| 15:38 | Construir | Mining Camp |
| 16:33 | Investigar | Gold Mining |
| 16:35 | Investigar | Stone Mining |
| 16:55 | Crear | Villager (Male) |
| 16:55 | Crear | Villager (Male) |
| 17:21 | Construir | Farm |
| 17:22 | Construir | Farm |
| 17:26 | Construir | Farm |
| 17:28 | Construir | Farm |
| 17:31 | Construir | Farm |
| 17:34 | Construir | Farm |
| 17:36 | Construir | Farm |
| 17:49 | Crear | Villager (Male) |
| 17:49 | Crear | Villager (Male) |
| 17:55 | Construir | Farm |
| 17:56 | Construir | Farm |
| 17:57 | Construir | Farm |
| 18:09 | Construir | Farm |
| 18:11 | Construir | Farm |
| 18:12 | Construir | Farm |
| 18:13 | Construir | Farm |
| 18:15 | Construir | Farm |
| 19:10 | Crear | Villager (Male) |
| 19:11 | Crear | Villager (Male) |
| 19:11 | Crear | Villager (Male) |
| 19:23 | Crear | Villager (Male) |
| 19:42 | Construir | Mill |
| 19:51 | Crear | Villager (Male) |
| 19:51 | Crear | Villager (Male) |
| 20:13 | Crear | Serjeant |
| 20:13 | Crear | Serjeant |
| 20:14 | Crear | Serjeant |
| 20:14 | Crear | Serjeant |
| 20:15 | Crear | Serjeant |
| 20:27 | Crear | Serjeant |
| 20:47 | Construir | Blacksmith |
| 20:53 | Crear | Serjeant |
| 20:53 | Crear | Serjeant |
| 20:56 | Crear | Villager (Male) |
| 20:56 | Crear | Villager (Male) |
| 21:27 | Construir | Donjon |
| 21:41 | Construir | Farm |
| 21:43 | Crear | Villager (Male) |
| 21:43 | Crear | Villager (Male) |
| 21:43 | Crear | Villager (Male) |
| 21:43 | Crear | Villager (Male) |
| 22:04 | Investigar | Forging |
| 22:19 | Construir | Farm |
| 23:17 | Investigar | Scale Mail Armor |
| 23:34 | Crear | Serjeant |
| 23:34 | Crear | Serjeant |
| 23:34 | Crear | Serjeant |
| 23:35 | Crear | Serjeant |
| 23:35 | Crear | Serjeant |
| 23:36 | Crear | Serjeant |
| 23:41 | Construir | House |
| 23:41 | Construir | House |
| 23:42 | Construir | House |
| 23:43 | Construir | House |
| 23:46 | Construir | House |
| 24:06 | Crear | Serjeant |
| 24:06 | Crear | Serjeant |
| 24:07 | Crear | Serjeant |
| 24:07 | Crear | Serjeant |
| 25:03 | Construir | Archery Range |
| 25:03 | Construir | Archery Range |
| 25:06 | Construir | Archery Range |
| 25:07 | Construir | Archery Range |
| 25:10 | Crear | Serjeant |
| 25:13 | Crear | Villager (Male) |
| 25:13 | Crear | Villager (Male) |
| 25:13 | Crear | Villager (Male) |
| 25:14 | Crear | Villager (Male) |
| 25:14 | Crear | Villager (Male) |
| 25:21 | Crear | Serjeant |
| 25:21 | Crear | Serjeant |
| 25:21 | Crear | Serjeant |
| 27:22 | Construir | Mill |
| 27:23 | Construir | Farm |
| 27:25 | Construir | Farm |
| 27:26 | Construir | Farm |
| 27:28 | Construir | Farm |
| 27:31 | Crear | Villager (Male) |
| 27:32 | Crear | Villager (Male) |
| 27:32 | Crear | Villager (Male) |
| 27:32 | Crear | Villager (Male) |
| 27:32 | Crear | Villager (Male) |
| 27:34 | Crear | Villager (Male) |
| 27:45 | Crear | Serjeant |
| 27:46 | Crear | Serjeant |
| 27:46 | Crear | Serjeant |
| 27:47 | Crear | Serjeant |
| 27:47 | Crear | Serjeant |
Build order — EL THANOS
Primeras 150 de 741 acciones detectadas
| 0:14 | Construir | House |
| 0:16 | Construir | House |
| 0:18 | Construir | House |
| 0:20 | Construir | House |
| 0:25 | Crear | Villager (Male) |
| 0:25 | Investigar | Loom |
| 0:26 | Crear | Villager (Male) |
| 0:26 | Crear | Villager (Male) |
| 0:58 | Construir | Palisade Wall |
| 1:19 | Crear | Villager (Male) |
| 1:19 | Crear | Villager (Male) |
| 2:00 | Crear | Villager (Male) |
| 2:00 | Crear | Villager (Male) |
| 2:40 | Crear | Villager (Male) |
| 2:40 | Crear | Villager (Male) |
| 3:16 | Crear | Villager (Male) |
| 3:16 | Crear | Villager (Male) |
| 3:47 | Crear | Villager (Male) |
| 3:47 | Crear | Villager (Male) |
| 3:58 | Crear | Villager (Male) |
| 3:58 | Crear | Villager (Male) |
| 4:30 | Crear | Villager (Male) |
| 4:30 | Crear | Villager (Male) |
| 4:50 | Crear | Villager (Male) |
| 5:26 | Crear | Villager (Male) |
| 5:26 | Crear | Villager (Male) |
| 5:50 | Construir | Lumber Camp |
| 6:08 | Crear | Villager (Male) |
| 6:08 | Crear | Villager (Male) |
| 6:08 | Crear | Villager (Male) |
| 6:34 | Crear | Villager (Male) |
| 6:34 | Crear | Villager (Male) |
| 6:46 | Construir | Mill |
| 6:49 | Crear | Villager (Male) |
| 6:49 | Crear | Villager (Male) |
| 7:09 | Crear | Villager (Male) |
| 7:10 | Crear | Villager (Male) |
| 7:38 | Crear | Villager (Male) |
| 8:04 | Crear | Villager (Male) |
| 8:04 | Crear | Villager (Male) |
| 8:23 | Construir | Mining Camp |
| 8:34 | Crear | Villager (Male) |
| 9:36 | Construir | House |
| 9:37 | Construir | House |
| 9:38 | Construir | House |
| 9:40 | Construir | House |
| 9:47 | Construir | House |
| 10:14 | Crear | Villager (Male) |
| 11:11 | Investigar | Feudal Age |
| 11:14 | Crear | Villager (Male) |
| 11:14 | Crear | Villager (Male) |
| 12:03 | Crear | Villager (Male) |
| 12:03 | Crear | Villager (Male) |
| 12:11 | Construir | Mill |
| 12:41 | Construir | House |
| 12:42 | Construir | House |
| 12:44 | Construir | House |
| 13:09 | Construir | Farm |
| 13:11 | Construir | Farm |
| 13:12 | Construir | Farm |
| 13:21 | Edad | Edad Feudal |
| 13:22 | Investigar | Double-Bit Axe |
| 13:26 | Crear | Villager (Male) |
| 13:47 | Construir | Market |
| 14:20 | Construir | Stone Wall |
| 14:25 | Construir | Building 487 |
| 14:27 | Construir | Building 487 |
| 14:42 | Crear | Villager (Male) |
| 15:06 | Construir | House |
| 15:07 | Construir | House |
| 15:08 | Construir | House |
| 15:15 | Construir | Blacksmith |
| 15:43 | Crear | Villager (Male) |
| 15:47 | Crear | Villager (Male) |
| 15:47 | Crear | Villager (Male) |
| 16:00 | Construir | Mill |
| 16:50 | Investigar | Castle Age |
| 17:14 | Investigar | Horse Collar |
| 17:23 | Construir | House |
| 17:24 | Construir | House |
| 17:27 | Construir | House |
| 17:29 | Construir | House |
| 17:31 | Construir | House |
| 18:24 | Crear | Villager (Male) |
| 18:25 | Crear | Villager (Male) |
| 18:25 | Crear | Villager (Male) |
| 19:16 | Construir | House |
| 19:18 | Construir | House |
| 19:20 | Construir | House |
| 19:25 | Construir | House |
| 19:31 | Construir | Mining Camp |
| 19:37 | Investigar | Stone Mining |
| 19:38 | Edad | Edad de los Castillos |
| 19:55 | Construir | Town Center |
| 20:17 | Construir | Town Center |
| 20:35 | Investigar | Bow Saw |
| 20:36 | Investigar | Bow Saw |
| 20:41 | Crear | Villager (Male) |
| 20:42 | Crear | Villager (Male) |
| 20:55 | Crear | Villager (Male) |
| 21:14 | Crear | Villager (Male) |
| 21:25 | Crear | Trade Cart |
| 21:37 | Crear | Villager (Male) |
| 21:50 | Crear | Villager (Male) |
| 22:11 | Crear | Villager (Male) |
| 22:22 | Crear | Villager (Male) |
| 22:23 | Crear | Villager (Male) |
| 22:51 | Crear | Villager (Male) |
| 22:54 | Crear | Villager (Male) |
| 23:03 | Construir | Farm |
| 23:04 | Construir | Farm |
| 23:05 | Construir | Farm |
| 23:07 | Construir | Farm |
| 23:09 | Construir | Farm |
| 23:11 | Construir | Farm |
| 23:12 | Construir | Farm |
| 23:13 | Construir | Farm |
| 23:15 | Construir | Farm |
| 23:17 | Construir | Farm |
| 23:20 | Crear | Villager (Male) |
| 23:23 | Crear | Villager (Male) |
| 23:26 | Crear | Villager (Male) |
| 23:36 | Construir | Farm |
| 23:47 | Crear | Villager (Male) |
| 24:19 | Crear | Villager (Male) |
| 24:24 | Construir | Farm |
| 24:28 | Crear | Villager (Male) |
| 24:36 | Crear | Villager (Male) |
| 24:48 | Crear | Villager (Male) |
| 25:05 | Construir | Castle |
| 25:11 | Construir | Barracks |
| 25:18 | Construir | Farm |
| 25:24 | Construir | Farm |
| 25:27 | Crear | Villager (Male) |
| 25:27 | Crear | Villager (Male) |
| 25:30 | Crear | Villager (Male) |
| 25:44 | Crear | Villager (Male) |
| 25:58 | Crear | Villager (Male) |
| 26:15 | Construir | Farm |
| 26:19 | Crear | Villager (Male) |
| 26:36 | Investigar | Heavy Plow |
| 26:46 | Construir | Farm |
| 26:47 | Crear | Villager (Male) |
| 26:57 | Crear | Villager (Male) |
| 27:01 | Crear | Villager (Male) |
| 27:07 | Crear | Trade Cart |
| 27:07 | Crear | Trade Cart |
| 27:07 | Crear | Trade Cart |
| 27:07 | Crear | Trade Cart |
| 27:07 | Crear | Trade Cart |
Build order — TirsoEND
Primeras 150 de 470 acciones detectadas
| 0:03 | Construir | House |
| 0:05 | Construir | House |
| 0:09 | Crear | Villager (Male) |
| 0:10 | Crear | Villager (Male) |
| 0:10 | Crear | Villager (Male) |
| 0:29 | Investigar | Loom |
| 0:46 | Construir | Palisade Wall |
| 0:50 | Construir | Palisade Wall |
| 0:51 | Construir | Palisade Wall |
| 0:52 | Construir | Palisade Wall |
| 0:54 | Construir | Palisade Wall |
| 1:32 | Crear | Villager (Male) |
| 1:33 | Crear | Villager (Male) |
| 1:33 | Crear | Villager (Male) |
| 1:33 | Crear | Villager (Male) |
| 2:31 | Crear | Villager (Male) |
| 3:12 | Construir | House |
| 4:52 | Crear | Villager (Male) |
| 4:53 | Crear | Villager (Male) |
| 4:53 | Crear | Villager (Male) |
| 5:11 | Crear | Villager (Male) |
| 5:22 | Crear | Villager (Male) |
| 5:22 | Crear | Villager (Male) |
| 5:57 | Construir | Lumber Camp |
| 6:36 | Crear | Villager (Male) |
| 7:36 | Crear | Villager (Male) |
| 7:36 | Crear | Villager (Male) |
| 7:37 | Crear | Villager (Male) |
| 7:47 | Construir | Mill |
| 8:50 | Construir | Mining Camp |
| 9:54 | Construir | House |
| 10:00 | Construir | House |
| 10:07 | Investigar | Feudal Age |
| 12:03 | Crear | Villager (Male) |
| 12:04 | Crear | Villager (Male) |
| 12:17 | Edad | Edad Feudal |
| 12:30 | Construir | Blacksmith |
| 12:43 | Crear | Villager (Male) |
| 13:16 | Construir | Market |
| 13:22 | Crear | Villager (Male) |
| 14:28 | Investigar | Castle Age |
| 15:26 | Investigar | Double-Bit Axe |
| 15:27 | Investigar | Horse Collar |
| 16:20 | Crear | Villager (Male) |
| 16:21 | Crear | Villager (Male) |
| 17:08 | Edad | Edad de los Castillos |
| 17:13 | Construir | Town Center |
| 17:31 | Crear | Villager (Male) |
| 17:31 | Crear | Villager (Male) |
| 17:42 | Construir | House |
| 17:47 | Crear | Villager (Male) |
| 17:58 | Construir | Town Center |
| 18:04 | Crear | Villager (Male) |
| 18:14 | Construir | House |
| 18:16 | Construir | House |
| 18:57 | Crear | Villager (Male) |
| 18:57 | Crear | Villager (Male) |
| 19:04 | Crear | Villager (Male) ×3 |
| 19:44 | Crear | Villager (Male) |
| 19:59 | Construir | Stone Wall |
| 20:14 | Construir | Building 665 |
| 20:23 | Crear | Villager (Male) |
| 20:23 | Crear | Villager (Male) |
| 20:51 | Crear | Villager (Male) |
| 20:51 | Crear | Villager (Male) |
| 20:51 | Crear | Villager (Male) |
| 20:52 | Crear | Villager (Male) |
| 20:53 | Construir | House |
| 20:55 | Construir | House |
| 21:01 | Construir | Market |
| 21:13 | Construir | Market |
| 21:17 | Crear | Villager (Male) |
| 21:17 | Crear | Villager (Male) |
| 21:17 | Crear | Villager (Male) |
| 21:28 | Investigar | Heavy Plow |
| 21:32 | Construir | House |
| 21:32 | Construir | House |
| 21:33 | Construir | House |
| 21:57 | Crear | Villager (Male) |
| 22:26 | Construir | Stone Wall |
| 22:33 | Construir | Town Center |
| 22:40 | Crear | Villager (Male) |
| 22:41 | Crear | Villager (Male) |
| 22:41 | Crear | Villager (Male) |
| 22:42 | Crear | Villager (Male) |
| 22:50 | Construir | Farm |
| 22:51 | Construir | Farm |
| 22:51 | Construir | Farm |
| 22:51 | Construir | Farm |
| 22:52 | Construir | Farm |
| 23:24 | Construir | Market |
| 23:37 | Crear | Villager (Male) ×2 |
| 23:52 | Investigar | Bow Saw |
| 23:56 | Construir | Farm |
| 23:57 | Construir | Farm |
| 23:57 | Construir | Farm |
| 23:57 | Construir | Farm |
| 23:58 | Construir | Farm |
| 23:58 | Construir | Farm |
| 23:58 | Construir | Farm |
| 24:09 | Construir | Farm |
| 24:12 | Construir | Farm |
| 24:16 | Construir | Farm |
| 24:19 | Crear | Villager (Male) |
| 24:19 | Crear | Villager (Male) |
| 24:28 | Construir | Farm |
| 24:35 | Crear | Villager (Male) |
| 24:55 | Construir | Farm |
| 25:02 | Construir | Farm |
| 25:02 | Construir | Farm |
| 25:02 | Construir | Farm |
| 25:02 | Construir | Farm |
| 25:03 | Construir | Farm |
| 25:03 | Construir | Farm |
| 25:11 | Crear | Villager (Male) |
| 25:17 | Construir | Farm |
| 25:20 | Construir | Farm |
| 25:24 | Crear | Villager (Male) |
| 25:32 | Construir | Farm |
| 25:35 | Construir | Farm |
| 25:52 | Construir | Monastery |
| 26:07 | Construir | Lumber Camp |
| 26:13 | Crear | Villager (Male) |
| 26:13 | Crear | Villager (Male) |
| 26:19 | Crear | Villager (Male) |
| 26:19 | Crear | Villager (Male) |
| 26:20 | Crear | Villager (Male) |
| 26:28 | Construir | Farm |
| 26:28 | Construir | Farm |
| 26:29 | Construir | Farm |
| 26:29 | Construir | Farm |
| 26:38 | Crear | Villager (Male) |
| 26:38 | Crear | Villager (Male) |
| 26:42 | Crear | Monk |
| 26:51 | Construir | House |
| 26:51 | Construir | House |
| 26:51 | Construir | House |
| 26:52 | Construir | House |
| 27:11 | Investigar | Caravan |
| 27:16 | Crear | Trade Cart ×3 |
| 27:17 | Crear | Trade Cart ×3 |
| 27:22 | Crear | Villager (Male) |
| 27:23 | Crear | Villager (Male) |
| 27:34 | Construir | Farm |
| 27:39 | Construir | Farm |
| 27:41 | Crear | Villager (Male) |
| 27:41 | Crear | Villager (Male) |
| 27:44 | Construir | Farm |
| 27:47 | Construir | Farm |
| 27:50 | Construir | Farm |
Build order — hvon2749
Primeras 150 de 416 acciones detectadas
| 0:02 | Construir | House |
| 0:05 | Crear | Villager (Male) |
| 0:05 | Crear | Villager (Male) |
| 0:05 | Crear | Villager (Male) |
| 0:06 | Crear | Villager (Male) |
| 0:06 | Crear | Villager (Male) |
| 0:06 | Crear | Villager (Male) |
| 2:37 | Construir | Palisade Wall |
| 2:51 | Crear | Villager (Male) |
| 2:52 | Crear | Villager (Male) |
| 2:52 | Crear | Villager (Male) |
| 2:52 | Crear | Villager (Male) |
| 3:20 | Construir | House |
| 3:33 | Construir | House |
| 3:40 | Crear | Villager (Male) |
| 3:40 | Crear | Villager (Male) |
| 4:01 | Construir | Mining Camp |
| 4:09 | Crear | Villager (Male) |
| 4:09 | Crear | Villager (Male) |
| 5:12 | Crear | Villager (Male) |
| 5:12 | Crear | Villager (Male) |
| 5:42 | Crear | Villager (Male) |
| 5:43 | Crear | Villager (Male) |
| 6:15 | Construir | Mill |
| 6:36 | Crear | Villager (Male) |
| 6:36 | Crear | Villager (Male) |
| 7:11 | Construir | Lumber Camp |
| 7:28 | Crear | Villager (Male) |
| 7:32 | Construir | House |
| 8:14 | Crear | Villager (Male) |
| 9:14 | Crear | Villager (Male) |
| 10:07 | Investigar | Feudal Age |
| 10:52 | Construir | Barracks |
| 11:10 | Crear | Villager (Male) |
| 11:10 | Crear | Villager (Male) |
| 11:11 | Crear | Villager (Male) |
| 11:11 | Crear | Villager (Male) |
| 12:11 | Edad | Edad Feudal |
| 12:29 | Investigar | Double-Bit Axe |
| 12:31 | Investigar | Horse Collar |
| 12:40 | Construir | House |
| 12:50 | Investigar | Wheelbarrow |
| 13:05 | Construir | Mill |
| 14:04 | Crear | Villager (Male) |
| 14:04 | Crear | Villager (Male) |
| 14:04 | Crear | Villager (Male) |
| 14:05 | Crear | Villager (Male) |
| 14:05 | Crear | Villager (Male) |
| 14:06 | Crear | Villager (Male) |
| 14:06 | Crear | Villager (Male) |
| 14:07 | Crear | Villager (Male) |
| 14:29 | Construir | Market |
| 14:37 | Construir | Mining Camp |
| 15:28 | Construir | Farm |
| 15:31 | Construir | Farm |
| 15:32 | Construir | Farm |
| 15:35 | Construir | Farm |
| 16:07 | Construir | House |
| 16:08 | Construir | House |
| 16:09 | Construir | House |
| 16:14 | Construir | Farm |
| 17:36 | Construir | Farm |
| 17:40 | Construir | Farm |
| 18:23 | Construir | Blacksmith |
| 19:01 | Crear | Villager (Male) |
| 19:08 | Investigar | Castle Age |
| 19:36 | Crear | Trade Cart |
| 20:24 | Crear | Villager (Male) |
| 20:24 | Crear | Villager (Male) |
| 20:24 | Crear | Villager (Male) |
| 20:25 | Crear | Villager (Male) |
| 20:25 | Crear | Villager (Male) |
| 20:40 | Construir | Archery Range |
| 21:07 | Investigar | Gold Mining |
| 21:49 | Edad | Edad de los Castillos |
| 21:54 | Construir | Monastery |
| 21:57 | Crear | Villager (Male) |
| 21:57 | Crear | Villager (Male) |
| 21:57 | Crear | Villager (Male) |
| 21:58 | Crear | Villager (Male) |
| 22:08 | Construir | Castle |
| 22:45 | Crear | Monk |
| 23:50 | Construir | Town Center |
| 24:32 | Crear | Villager (Male) |
| 24:32 | Crear | Villager (Male) |
| 24:32 | Crear | Villager (Male) |
| 24:37 | Crear | Monk |
| 24:43 | Investigar | Bow Saw |
| 25:21 | Crear | Villager (Male) |
| 25:21 | Crear | Villager (Male) |
| 25:21 | Crear | Villager (Male) |
| 25:22 | Crear | Villager (Male) |
| 25:36 | Construir | Mining Camp |
| 25:46 | Crear | Villager (Male) |
| 25:46 | Crear | Villager (Male) |
| 26:22 | Crear | Villager (Male) |
| 26:23 | Crear | Villager (Male) |
| 26:23 | Crear | Villager (Male) |
| 26:23 | Crear | Villager (Male) |
| 26:23 | Crear | Villager (Male) |
| 26:23 | Crear | Villager (Male) |
| 26:24 | Crear | Villager (Male) |
| 26:24 | Crear | Villager (Male) |
| 26:24 | Crear | Villager (Male) |
| 26:33 | Investigar | Heavy Plow |
| 26:56 | Construir | Farm |
| 27:18 | Construir | Farm |
| 27:45 | Construir | Farm |
| 28:03 | Construir | Farm |
| 28:15 | Crear | Villager (Male) |
| 28:15 | Crear | Villager (Male) |
| 28:20 | Construir | Farm |
| 28:23 | Construir | Farm |
| 28:38 | Construir | Farm |
| 28:46 | Construir | Farm |
| 31:08 | Investigar | Imperial Age |
| 31:12 | Construir | Farm |
| 31:15 | Construir | Farm |
| 31:18 | Construir | Farm |
| 31:21 | Construir | Farm |
| 31:35 | Crear | Trade Cart |
| 31:35 | Crear | Trade Cart |
| 31:35 | Crear | Trade Cart |
| 31:36 | Crear | Trade Cart |
| 32:44 | Investigar | Kamandaran |
| 33:01 | Crear | Villager (Male) |
| 33:01 | Crear | Villager (Male) |
| 33:02 | Crear | Villager (Male) |
| 33:02 | Crear | Villager (Male) |
| 33:02 | Crear | Villager (Male) |
| 33:02 | Crear | Villager (Male) |
| 33:03 | Crear | Villager (Male) |
| 33:11 | Construir | House |
| 33:13 | Construir | House |
| 33:14 | Construir | House |
| 33:15 | Construir | House |
| 33:16 | Construir | House |
| 33:53 | Edad | Edad Imperial |
| 33:59 | Construir | Monastery |
| 34:26 | Construir | Farm |
| 34:34 | Crear | Villager (Male) |
| 34:34 | Crear | Villager (Male) |
| 34:35 | Crear | Villager (Male) |
| 34:35 | Crear | Villager (Male) |
| 34:59 | Construir | Farm |
| 35:01 | Construir | Farm |
| 35:05 | Construir | Farm |
| 35:09 | Crear | Villager (Male) |
| 35:09 | Crear | Villager (Male) |
| 35:12 | Crear | Villager (Male) |
Build order — CrismasTv
Primeras 150 de 297 acciones detectadas
| 0:04 | Construir | House |
| 0:05 | Construir | House |
| 0:11 | Crear | Villager (Male) |
| 0:11 | Crear | Villager (Male) |
| 0:11 | Crear | Villager (Male) |
| 0:11 | Crear | Villager (Male) |
| 0:16 | Investigar | Loom |
| 0:16 | Crear | Villager (Male) |
| 0:17 | Crear | Villager (Male) |
| 0:17 | Crear | Villager (Male) |
| 0:17 | Crear | Villager (Male) |
| 1:11 | Construir | Palisade Wall |
| 1:45 | Crear | Villager (Male) |
| 2:26 | Crear | Villager (Male) |
| 2:26 | Crear | Villager (Male) |
| 3:28 | Crear | Villager (Male) |
| 3:29 | Crear | Villager (Male) |
| 4:29 | Crear | Villager (Male) |
| 4:30 | Crear | Villager (Male) |
| 4:30 | Crear | Villager (Male) |
| 4:31 | Crear | Villager (Male) |
| 4:41 | Crear | Villager (Male) |
| 5:36 | Construir | House |
| 5:38 | Construir | House |
| 6:41 | Crear | Villager (Male) |
| 6:48 | Construir | Lumber Camp |
| 7:10 | Crear | Villager (Male) |
| 7:51 | Crear | Villager (Male) |
| 8:31 | Crear | Villager (Male) |
| 8:37 | Construir | Mill |
| 9:17 | Investigar | Feudal Age |
| 9:17 | Investigar | Feudal Age |
| 9:29 | Construir | Mill |
| 10:43 | Crear | Villager (Male) |
| 10:44 | Crear | Villager (Male) |
| 10:44 | Crear | Villager (Male) |
| 10:45 | Crear | Villager (Male) |
| 11:27 | Edad | Edad Feudal |
| 11:28 | Construir | Blacksmith |
| 11:32 | Construir | Market |
| 12:08 | Construir | Mining Camp |
| 12:21 | Construir | House |
| 12:22 | Construir | House |
| 12:24 | Construir | House |
| 13:04 | Crear | Villager (Male) |
| 13:33 | Crear | Villager (Male) |
| 13:46 | Crear | Villager (Male) |
| 14:39 | Investigar | Castle Age |
| 15:14 | Construir | Mining Camp |
| 16:48 | Investigar | Stone Mining |
| 16:51 | Crear | Villager (Male) |
| 16:51 | Crear | Villager (Male) |
| 16:51 | Crear | Villager (Male) |
| 16:53 | Crear | Villager (Male) |
| 17:19 | Edad | Edad de los Castillos |
| 17:32 | Construir | Stone Wall |
| 18:05 | Investigar | Double-Bit Axe |
| 18:38 | Crear | Villager (Male) |
| 18:39 | Crear | Villager (Male) |
| 18:55 | Crear | Trade Cart |
| 19:52 | Crear | Villager (Male) |
| 19:54 | Crear | Villager (Male) |
| 19:58 | Investigar | Horse Collar |
| 20:16 | Construir | Stone Wall |
| 20:24 | Construir | Building 673 |
| 20:30 | Construir | Stone Wall |
| 20:40 | Construir | Farm |
| 20:40 | Construir | Farm |
| 20:40 | Construir | Farm |
| 20:41 | Construir | Farm |
| 20:41 | Construir | Farm |
| 20:43 | Construir | Farm |
| 20:44 | Construir | Farm |
| 20:45 | Construir | Farm |
| 20:55 | Crear | Villager (Male) |
| 20:57 | Crear | Villager (Male) |
| 21:05 | Construir | House |
| 21:07 | Construir | House |
| 21:08 | Construir | House |
| 21:10 | Construir | House |
| 21:29 | Construir | Town Center |
| 21:51 | Crear | Villager (Male) |
| 21:51 | Crear | Villager (Male) |
| 21:58 | Investigar | Heavy Plow |
| 22:38 | Construir | Mining Camp |
| 22:44 | Crear | Trade Cart |
| 22:57 | Crear | Villager (Male) |
| 22:57 | Crear | Villager (Male) |
| 22:58 | Crear | Villager (Male) |
| 22:59 | Crear | Villager (Male) |
| 23:14 | Construir | Stone Wall |
| 23:28 | Construir | Stone Wall |
| 23:30 | Construir | Stone Wall |
| 23:30 | Construir | Stone Wall |
| 23:37 | Construir | Outpost |
| 23:52 | Crear | Villager (Male) |
| 23:52 | Crear | Villager (Male) |
| 23:53 | Crear | Villager (Male) |
| 23:54 | Crear | Villager (Male) |
| 24:06 | Construir | Farm |
| 24:06 | Construir | Farm |
| 24:07 | Construir | Farm |
| 24:08 | Construir | Farm |
| 24:44 | Construir | Building 487 |
| 25:04 | Construir | Farm |
| 25:04 | Construir | Farm |
| 25:05 | Crear | Villager (Male) |
| 25:06 | Crear | Villager (Male) |
| 25:06 | Crear | Villager (Male) |
| 25:07 | Crear | Villager (Male) |
| 25:21 | Construir | Castle |
| 25:43 | Crear | Villager (Male) |
| 25:43 | Crear | Villager (Male) |
| 25:47 | Construir | Farm |
| 25:48 | Construir | Farm |
| 26:32 | Construir | Farm |
| 26:32 | Construir | Farm |
| 26:33 | Construir | Farm |
| 26:34 | Construir | Farm |
| 26:40 | Crear | Villager (Male) |
| 26:40 | Crear | Villager (Male) |
| 26:40 | Crear | Villager (Male) |
| 26:42 | Crear | Villager (Male) |
| 27:15 | Construir | Town Center |
| 27:20 | Construir | Farm |
| 27:21 | Construir | Farm |
| 27:41 | Construir | Farm |
| 27:42 | Construir | Farm |
| 27:48 | Crear | Villager (Male) |
| 27:49 | Crear | Villager (Male) |
| 27:49 | Crear | Villager (Male) |
| 27:50 | Crear | Villager (Male) |
| 29:05 | Construir | Farm |
| 29:06 | Construir | Farm |
| 29:07 | Construir | Farm |
| 29:07 | Construir | Farm |
| 29:20 | Investigar | Imperial Age |
| 29:50 | Construir | Siege Workshop |
| 29:51 | Construir | Siege Workshop |
| 29:54 | Construir | Siege Workshop |
| 30:27 | Investigar | Caravan |
| 30:28 | Crear | Trade Cart |
| 30:28 | Crear | Trade Cart |
| 30:28 | Crear | Trade Cart |
| 30:29 | Crear | Trade Cart |
| 30:36 | Crear | Villager (Male) |
| 30:36 | Crear | Villager (Male) |
| 30:36 | Crear | Villager (Male) |
| 30:37 | Crear | Villager (Male) |
| 30:37 | Crear | Villager (Male) |
Build order — R2Q8
Primeras 150 de 448 acciones detectadas
| 0:04 | Crear | Villager (Male) |
| 0:04 | Crear | Villager (Male) |
| 0:05 | Crear | Villager (Male) |
| 0:05 | Crear | Villager (Male) |
| 0:09 | Construir | House |
| 0:12 | Construir | House |
| 0:14 | Construir | House |
| 1:03 | Investigar | Loom |
| 1:10 | Crear | Villager (Male) |
| 1:48 | Crear | Villager (Male) |
| 2:29 | Construir | Palisade Wall |
| 2:35 | Crear | Villager (Male) |
| 2:59 | Crear | Villager (Male) |
| 3:56 | Construir | House |
| 3:57 | Construir | House |
| 4:04 | Crear | Villager (Male) |
| 4:04 | Crear | Villager (Male) |
| 5:01 | Crear | Villager (Male) |
| 5:02 | Crear | Villager (Male) |
| 5:17 | Construir | Palisade Wall |
| 5:45 | Crear | Villager (Male) |
| 5:46 | Crear | Villager (Male) |
| 6:36 | Crear | Villager (Male) |
| 6:38 | Crear | Villager (Male) |
| 7:19 | Crear | Villager (Male) |
| 7:48 | Construir | Mining Camp |
| 8:08 | Crear | Villager (Male) |
| 8:09 | Crear | Villager (Male) |
| 9:06 | Crear | Villager (Male) |
| 9:07 | Crear | Villager (Male) |
| 9:17 | Construir | Mining Camp |
| 9:43 | Construir | Barracks |
| 10:14 | Crear | Villager (Male) |
| 10:29 | Construir | Mill |
| 10:53 | Crear | Villager (Male) |
| 11:15 | Construir | Lumber Camp |
| 11:22 | Crear | Villager (Male) |
| 11:41 | Crear | Villager (Male) |
| 12:10 | Crear | Villager (Male) |
| 12:43 | Crear | Villager (Male) |
| 13:05 | Construir | Mill |
| 13:13 | Investigar | Feudal Age |
| 13:23 | Construir | House |
| 13:24 | Construir | House |
| 13:26 | Construir | House |
| 14:14 | Construir | Barracks |
| 14:20 | Crear | Villager (Male) |
| 15:13 | Crear | Villager (Male) |
| 15:13 | Crear | Villager (Male) |
| 15:24 | Investigar | Double-Bit Axe |
| 15:50 | Construir | Stone Wall |
| 15:54 | Construir | Building 490 |
| 15:58 | Construir | Stone Wall |
| 16:04 | Crear | Villager (Male) |
| 16:10 | Construir | Farm |
| 16:11 | Construir | Farm |
| 16:13 | Construir | Farm |
| 16:15 | Construir | Farm |
| 16:16 | Construir | Farm |
| 16:21 | Construir | Farm |
| 16:32 | Crear | Villager (Male) |
| 16:59 | Construir | Farm |
| 17:03 | Construir | Farm |
| 17:07 | Construir | Farm |
| 17:22 | Construir | Farm |
| 17:27 | Crear | Villager (Male) |
| 17:29 | Crear | Villager (Male) |
| 17:53 | Construir | Stone Wall |
| 17:58 | Construir | Building 490 |
| 18:16 | Crear | Villager (Male) |
| 18:17 | Crear | Villager (Male) |
| 18:29 | Investigar | Horse Collar |
| 18:44 | Crear | Villager (Male) |
| 18:51 | Construir | Blacksmith |
| 19:33 | Construir | Watch Tower |
| 19:39 | Crear | Villager (Male) |
| 19:40 | Crear | Villager (Male) |
| 19:57 | Investigar | Wheelbarrow |
| 20:06 | Construir | Market |
| 20:27 | Construir | Stone Wall |
| 20:33 | Construir | Building 490 |
| 20:50 | Construir | House |
| 20:52 | Construir | House |
| 20:53 | Construir | House |
| 21:12 | Construir | Barracks |
| 21:21 | Investigar | Castle Age |
| 21:44 | Crear | Militia |
| 21:44 | Crear | Militia |
| 21:44 | Crear | Militia |
| 21:45 | Crear | Militia |
| 21:45 | Crear | Militia |
| 21:45 | Crear | Militia |
| 22:09 | Investigar | Forging |
| 22:21 | Construir | Farm |
| 22:22 | Construir | Farm |
| 22:23 | Construir | Farm |
| 22:24 | Construir | Farm |
| 22:34 | Crear | Militia |
| 22:35 | Crear | Militia |
| 22:36 | Crear | Militia |
| 22:43 | Construir | House |
| 23:09 | Construir | Barracks |
| 23:12 | Construir | Barracks |
| 23:23 | Crear | Militia |
| 23:23 | Crear | Militia |
| 23:24 | Crear | Militia |
| 23:24 | Crear | Militia |
| 23:30 | Construir | House |
| 23:50 | Investigar | Scale Mail Armor |
| 24:01 | Construir | Barracks |
| 24:14 | Construir | Siege Workshop |
| 24:21 | Investigar | Squires |
| 24:22 | Investigar | Arson |
| 24:25 | Crear | Militia |
| 24:38 | Crear | Villager (Male) |
| 24:55 | Crear | Militia |
| 24:55 | Crear | Militia |
| 24:56 | Crear | Militia |
| 25:05 | Crear | Battering Ram |
| 25:05 | Crear | Battering Ram |
| 25:31 | Construir | Barracks |
| 25:35 | Investigar | Bow Saw |
| 25:43 | Crear | Battering Ram |
| 25:52 | Investigar | Gambesons |
| 26:06 | Crear | Militia |
| 26:06 | Crear | Militia |
| 27:08 | Crear | Militia |
| 27:08 | Crear | Militia |
| 27:08 | Crear | Militia |
| 27:09 | Crear | Militia |
| 27:09 | Crear | Militia |
| 27:09 | Crear | Militia |
| 27:26 | Crear | Militia |
| 27:26 | Crear | Militia |
| 28:51 | Investigar | Iron Casting |
| 29:29 | Crear | Villager (Male) |
| 29:30 | Crear | Villager (Male) |
| 29:31 | Crear | Villager (Male) |
| 29:31 | Crear | Villager (Male) |
| 29:43 | Construir | Castle |
| 30:19 | Construir | Stone Wall |
| 30:30 | Crear | Militia |
| 30:30 | Crear | Militia |
| 30:31 | Crear | Militia |
| 30:31 | Crear | Militia |
| 30:31 | Crear | Militia |
| 30:31 | Crear | Militia |
| 30:32 | Crear | Militia |
| 30:32 | Crear | Militia |
| 30:33 | Crear | Militia |
Build order — TehLegend
Primeras 150 de 372 acciones detectadas
| 0:06 | Construir | House |
| 0:09 | Construir | House |
| 0:12 | Crear | Villager (Male) |
| 0:12 | Crear | Villager (Male) |
| 0:30 | Crear | Villager (Male) |
| 0:52 | Crear | Villager (Male) |
| 1:57 | Crear | Villager (Male) |
| 1:59 | Crear | Villager (Male) |
| 2:39 | Crear | Villager (Male) |
| 2:41 | Crear | Villager (Male) |
| 3:07 | Crear | Villager (Male) |
| 4:56 | Crear | Villager (Male) |
| 4:57 | Crear | Villager (Male) |
| 4:58 | Crear | Villager (Male) |
| 4:58 | Crear | Villager (Male) |
| 4:58 | Crear | Villager (Male) |
| 5:09 | Crear | Villager (Male) |
| 5:49 | Construir | Lumber Camp |
| 5:57 | Crear | Villager (Male) |
| 6:02 | Construir | House |
| 6:07 | Construir | House |
| 6:44 | Construir | Mill |
| 7:09 | Crear | Villager (Male) |
| 8:21 | Crear | Villager (Male) |
| 8:46 | Crear | Villager (Male) |
| 8:48 | Crear | Villager (Male) |
| 9:28 | Construir | Mill |
| 9:41 | Crear | Villager (Male) |
| 9:55 | Construir | Farm |
| 10:52 | Investigar | Feudal Age |
| 11:00 | Construir | Mining Camp |
| 11:45 | Crear | Villager (Male) |
| 11:46 | Crear | Villager (Male) |
| 11:47 | Crear | Villager (Male) |
| 12:16 | Construir | Farm |
| 12:16 | Construir | Farm |
| 12:16 | Construir | Farm |
| 12:16 | Construir | Farm |
| 12:17 | Construir | Farm |
| 12:18 | Construir | Farm |
| 12:19 | Construir | Farm |
| 12:20 | Construir | Farm |
| 13:02 | Edad | Edad Feudal |
| 13:08 | Investigar | Horse Collar |
| 13:11 | Investigar | Double-Bit Axe |
| 13:14 | Crear | Villager (Male) |
| 13:15 | Crear | Villager (Male) |
| 13:46 | Construir | Market |
| 14:00 | Construir | House |
| 14:06 | Construir | House |
| 14:18 | Construir | Mining Camp |
| 14:26 | Crear | Villager (Male) |
| 14:41 | Investigar | Wheelbarrow |
| 14:44 | Crear | Villager (Male) |
| 14:46 | Crear | Villager (Male) |
| 15:23 | Construir | Barracks |
| 15:39 | Construir | Lumber Camp |
| 15:56 | Crear | Villager (Male) |
| 16:10 | Crear | Trade Cart |
| 16:11 | Crear | Trade Cart |
| 16:51 | Crear | Trade Cart |
| 17:20 | Crear | Villager (Male) |
| 17:23 | Crear | Villager (Male) |
| 17:24 | Crear | Villager (Male) |
| 17:48 | Construir | Blacksmith |
| 19:16 | Investigar | Castle Age |
| 19:29 | Crear | Villager (Male) |
| 19:30 | Crear | Villager (Male) |
| 19:33 | Crear | Villager (Male) |
| 19:43 | Construir | Lumber Camp |
| 20:06 | Construir | Farm |
| 20:07 | Construir | Farm |
| 20:07 | Construir | Farm |
| 20:07 | Construir | Farm |
| 20:08 | Construir | Farm |
| 20:08 | Construir | Farm |
| 20:08 | Construir | Farm |
| 20:08 | Construir | Farm |
| 20:09 | Construir | Farm |
| 20:45 | Crear | Spearman |
| 20:46 | Crear | Spearman |
| 20:47 | Crear | Spearman |
| 20:49 | Crear | Spearman |
| 20:59 | Construir | House |
| 21:01 | Construir | House |
| 21:02 | Construir | House |
| 21:11 | Construir | House |
| 21:13 | Construir | House |
| 21:58 | Edad | Edad de los Castillos |
| 22:02 | Investigar | Gold Mining |
| 22:05 | Investigar | Stone Mining |
| 22:18 | Construir | Town Center |
| 22:36 | Crear | Villager (Male) |
| 22:36 | Crear | Villager (Male) |
| 22:39 | Construir | Farm |
| 22:43 | Crear | Villager (Male) |
| 22:44 | Crear | Villager (Male) |
| 23:01 | Construir | Monastery |
| 23:17 | Construir | Monastery |
| 23:30 | Crear | Villager (Male) |
| 23:31 | Crear | Villager (Male) |
| 23:31 | Crear | Villager (Male) |
| 23:31 | Crear | Villager (Male) |
| 23:52 | Construir | Farm |
| 23:54 | Crear | Villager (Male) |
| 24:22 | Construir | University |
| 24:26 | Crear | Villager (Male) |
| 24:29 | Crear | Villager (Male) |
| 24:34 | Investigar | Bow Saw |
| 24:44 | Construir | Farm |
| 24:47 | Crear | Villager (Male) |
| 25:07 | Construir | Farm |
| 25:14 | Crear | Monk |
| 25:33 | Construir | Farm |
| 25:36 | Construir | Farm |
| 25:47 | Crear | Villager (Male) |
| 25:48 | Crear | Villager (Male) |
| 25:48 | Crear | Villager (Male) |
| 26:04 | Construir | Stable |
| 26:11 | Investigar | Caravan |
| 26:12 | Crear | Trade Cart |
| 26:12 | Crear | Trade Cart |
| 26:12 | Crear | Trade Cart |
| 26:13 | Crear | Trade Cart |
| 26:28 | Crear | Monk |
| 26:31 | Investigar | Fervor |
| 26:53 | Construir | Stable |
| 26:55 | Construir | Stable |
| 27:23 | Construir | Building 490 |
| 27:36 | Construir | Stone Wall |
| 28:04 | Investigar | Bloodlines |
| 28:05 | Investigar | Light Cavalry (upgrade) |
| 28:10 | Crear | Scout Cavalry |
| 28:11 | Crear | Scout Cavalry |
| 28:11 | Crear | Scout Cavalry |
| 28:11 | Crear | Scout Cavalry |
| 28:13 | Crear | Scout Cavalry |
| 28:14 | Crear | Scout Cavalry |
| 28:14 | Crear | Scout Cavalry |
| 28:16 | Crear | Scout Cavalry |
| 28:16 | Crear | Scout Cavalry |
| 28:16 | Crear | Scout Cavalry |
| 28:16 | Crear | Scout Cavalry |
| 28:17 | Crear | Scout Cavalry |
| 29:00 | Construir | Stable |
| 29:32 | Crear | Scout Cavalry |
| 29:32 | Crear | Scout Cavalry |
| 29:32 | Crear | Scout Cavalry |
| 29:33 | Crear | Scout Cavalry |
| 29:56 | Crear | Scout Cavalry |
Cronología de la partida
| 0:46 | TirsoEND · wall_segment Palisade Wall x9 |
| 0:50 | TirsoEND · wall_segment Palisade Wall x1 |
| 0:51 | TirsoEND · wall_segment Palisade Wall x1 |
| 0:52 | TirsoEND · wall_segment Palisade Wall x1 |
| 0:54 | TirsoEND · wall_segment Palisade Wall x1 |
| 0:55 | fernandojrz.0312 · wall_segment Palisade Wall x15 |
| 0:58 | EL THANOS · wall_segment Palisade Wall x20 |
| 1:11 | CrismasTv · wall_segment Palisade Wall x13 |
| 2:01 | fernandojrz.0312 · wall_segment Palisade Wall x3 |
| 2:29 | R2Q8 · wall_segment Palisade Wall x9 |
| 2:37 | hvon2749 · wall_segment Palisade Wall x11 |
| 2:46 | fernandojrz.0312 · wall_segment Palisade Wall x4 |
| 3:23 | fernandojrz.0312 · wall_segment Palisade Wall x4 |
| 5:17 | R2Q8 · wall_segment Palisade Wall x1 |
| 5:37 | fernandojrz.0312 · wall_segment Palisade Wall x1 |
| 6:43 | fernandojrz.0312 · wall_segment Palisade Wall x15 |
| 8:18 | fernandojrz.0312 · wall_segment Palisade Wall x14 |
| 9:43 | R2Q8 · first_building Barracks |
| 10:52 | hvon2749 · first_building Barracks |
| 11:14 | Meeting · first_building Barracks |
| 11:27 | CrismasTv · age_up feudal |
| 12:11 | hvon2749 · age_up feudal |
| 12:17 | Meeting · age_up feudal |
| 12:17 | TirsoEND · age_up feudal |
| 13:02 | TehLegend · age_up feudal |
| 13:21 | EL THANOS · age_up feudal |
| 13:40 | fernandojrz.0312 · first_building Donjon |
| 14:20 | EL THANOS · wall_segment Stone Wall x18 |
| 14:30 | Meeting · first_building Archery Range |
| 15:09 | fernandojrz.0312 · age_up feudal |
| 15:23 | TehLegend · first_building Barracks |
| 15:50 | R2Q8 · wall_segment Stone Wall x4 |
| 15:58 | R2Q8 · wall_segment Stone Wall x1 |
| 16:36 | TehLegend · first_market_sell 100 food |
| 17:08 | TirsoEND · age_up castle |
| 17:19 | CrismasTv · age_up castle |
| 17:32 | CrismasTv · wall_segment Stone Wall x14 |
| 17:53 | R2Q8 · wall_segment Stone Wall x4 |
| 19:38 | EL THANOS · age_up castle |
| 19:59 | TirsoEND · wall_segment Stone Wall x8 |
| 20:04 | Meeting · age_up castle |
| 20:06 | TirsoEND · first_market_buy 100 stone |
| 20:16 | CrismasTv · wall_segment Stone Wall x6 |
| 20:27 | R2Q8 · wall_segment Stone Wall x11 |
| 20:28 | Meeting · first_building Monastery |
| 20:30 | CrismasTv · wall_segment Stone Wall x5 |
| 20:40 | hvon2749 · first_building Archery Range |
| 21:49 | hvon2749 · age_up castle |
| 21:51 | Meeting · first_building Siege Workshop |
| 21:54 | hvon2749 · first_building Monastery |
| 21:58 | TehLegend · age_up castle |
| 22:08 | hvon2749 · first_building Castle |
| 22:26 | TirsoEND · wall_segment Stone Wall x1 |
| 23:01 | TehLegend · first_building Monastery |
| 23:14 | CrismasTv · wall_segment Stone Wall x5 |
| 23:28 | CrismasTv · wall_segment Stone Wall x1 |
| 23:30 | CrismasTv · wall_segment Stone Wall x1 |
| 23:30 | CrismasTv · wall_segment Stone Wall x1 |
| 24:14 | R2Q8 · first_building Siege Workshop |
| 25:03 | fernandojrz.0312 · first_building Archery Range |
| 25:05 | EL THANOS · first_building Castle |
| 25:11 | EL THANOS · first_building Barracks |
| 25:21 | CrismasTv · first_building Castle |
| 25:52 | TirsoEND · first_building Monastery |
| 26:04 | TehLegend · first_building Stable |
| 27:33 | EL THANOS · first_building Stable |
| 27:36 | TehLegend · wall_segment Stone Wall x15 |
| 28:34 | TirsoEND · first_building Barracks |
| 29:32 | EL THANOS · first_building Siege Workshop |
| 29:43 | R2Q8 · first_building Castle |
| 29:50 | CrismasTv · first_building Siege Workshop |
| 29:55 | fernandojrz.0312 · resign |
| 30:03 | Meeting · wall_segment Stone Wall x10 |
| 30:17 | TehLegend · wall_segment Stone Wall x28 |
| 30:19 | R2Q8 · wall_segment Stone Wall x12 |
| 30:24 | TirsoEND · first_building Castle |
| 32:30 | CrismasTv · age_up imperial |
| 32:45 | Meeting · first_building Castle |
| 33:05 | R2Q8 · wall_segment Stone Wall x24 |
| 33:49 | R2Q8 · wall_segment Stone Wall x20 |
| 33:53 | hvon2749 · age_up imperial |
| 34:00 | R2Q8 · wall_segment Stone Wall x6 |
| 34:01 | TirsoEND · first_building Siege Workshop |
| 34:02 | TehLegend · age_up imperial |
| 35:04 | TirsoEND · age_up imperial |
| 37:14 | EL THANOS · age_up imperial |
| 37:18 | TirsoEND · first_building Archery Range |
| 37:32 | TehLegend · first_building Castle |
| 38:23 | hvon2749 · first_building Siege Workshop |
| 38:32 | TirsoEND · tribute_sent a jugador 1 |
| 38:32 | TirsoEND · tribute_sent a jugador 2 |
| 38:32 | TirsoEND · tribute_sent a jugador 3 |
| 38:32 | TirsoEND · tribute_sent a jugador 5 |
| 38:32 | TirsoEND · tribute_sent a jugador 6 |
| 38:32 | TirsoEND · tribute_sent a jugador 7 |
| 38:32 | TirsoEND · tribute_sent a jugador 8 |
| 39:51 | EL THANOS · first_building Monastery |
| 40:41 | TehLegend · first_building Siege Workshop |
| 41:24 | R2Q8 · first_building Krepost |
| 41:27 | TirsoEND · wall_segment Stone Wall x9 |
| 41:30 | TirsoEND · wall_segment Stone Wall x11 |
| 41:33 | TirsoEND · wall_segment Stone Wall x2 |
| 41:34 | TirsoEND · wall_segment Stone Wall x1 |
| 41:35 | TirsoEND · wall_segment Stone Wall x1 |
| 41:35 | R2Q8 · first_building Stable |
| 41:37 | TirsoEND · wall_segment Stone Wall x1 |
| 41:37 | TirsoEND · wall_segment Stone Wall x1 |
| 41:38 | TirsoEND · wall_segment Stone Wall x1 |
| 41:39 | TirsoEND · wall_segment Stone Wall x1 |
| 41:40 | TirsoEND · wall_segment Stone Wall x1 |
| 41:42 | TirsoEND · wall_segment Stone Wall x1 |
| 41:43 | TirsoEND · wall_segment Stone Wall x1 |
| 41:44 | TirsoEND · wall_segment Stone Wall x1 |
| 41:45 | TirsoEND · wall_segment Stone Wall x1 |
| 41:45 | TirsoEND · wall_segment Stone Wall x1 |
| 41:47 | TirsoEND · wall_segment Stone Wall x1 |
| 41:47 | TirsoEND · wall_segment Stone Wall x1 |
| 41:54 | TirsoEND · wall_segment Stone Wall x1 |
| 41:55 | TirsoEND · wall_segment Stone Wall x1 |
| 41:56 | TirsoEND · wall_segment Stone Wall x1 |
| 41:57 | TirsoEND · wall_segment Stone Wall x1 |
| 41:59 | TirsoEND · wall_segment Stone Wall x2 |
| 42:00 | TirsoEND · wall_segment Stone Wall x1 |
| 42:01 | TirsoEND · wall_segment Stone Wall x1 |
| 42:01 | TirsoEND · wall_segment Stone Wall x1 |
| 42:02 | TirsoEND · wall_segment Stone Wall x1 |
| 42:02 | TirsoEND · wall_segment Stone Wall x1 |
| 42:03 | TirsoEND · wall_segment Stone Wall x1 |
| 42:03 | TirsoEND · wall_segment Stone Wall x1 |
| 42:04 | TirsoEND · wall_segment Stone Wall x1 |
| 42:04 | TirsoEND · wall_segment Stone Wall x1 |
| 42:07 | TirsoEND · wall_segment Stone Wall x1 |
| 42:07 | TirsoEND · wall_segment Stone Wall x1 |
| 42:09 | TirsoEND · wall_segment Stone Wall x1 |
| 42:09 | TirsoEND · wall_segment Stone Wall x1 |
| 42:10 | TirsoEND · wall_segment Stone Wall x1 |
| 42:11 | TirsoEND · wall_segment Stone Wall x1 |
| 42:12 | TirsoEND · wall_segment Stone Wall x1 |
| 42:13 | TirsoEND · wall_segment Stone Wall x1 |
| 42:13 | TirsoEND · wall_segment Stone Wall x1 |
| 42:19 | TirsoEND · wall_segment Stone Wall x4 |
| 42:20 | TirsoEND · wall_segment Stone Wall x1 |
| 42:22 | TirsoEND · wall_segment Stone Wall x7 |
| 44:13 | TirsoEND · wall_segment Stone Wall x1 |
| 44:27 | Meeting · age_up imperial |
| 44:52 | R2Q8 · wall_segment Stone Wall x11 |
| 45:04 | R2Q8 · first_market_buy 100 stone |
| 45:18 | TirsoEND · wall_segment Stone Wall x8 |
| 45:20 | TirsoEND · wall_segment Stone Wall x5 |
| 45:24 | CrismasTv · wall_segment Stone Wall x18 |
| 45:29 | CrismasTv · first_market_buy 100 stone |
| 45:42 | CrismasTv · wall_segment Stone Wall x10 |
| 47:35 | TirsoEND · wall_segment Stone Wall x3 |
| 49:13 | R2Q8 · wall_segment Stone Wall x8 |
| 50:02 | R2Q8 · wall_segment Stone Wall x9 |
| 50:36 | R2Q8 · wall_segment Stone Wall x12 |
| 50:40 | R2Q8 · wall_segment Stone Wall x2 |
| 50:46 | TirsoEND · tribute_sent a jugador 1 |
| 50:46 | TirsoEND · tribute_sent a jugador 2 |
| 50:46 | TirsoEND · tribute_sent a jugador 3 |
| 50:46 | TirsoEND · tribute_sent a jugador 5 |
| 50:46 | TirsoEND · tribute_sent a jugador 6 |
| 50:46 | TirsoEND · tribute_sent a jugador 7 |
| 50:46 | TirsoEND · tribute_sent a jugador 8 |
| 50:48 | TirsoEND · first_market_sell 500 food |
| 53:20 | Meeting · first_building Stable |
| 53:53 | CrismasTv · tribute_sent a jugador 1 |
| 53:53 | CrismasTv · tribute_sent a jugador 2 |
| 53:53 | CrismasTv · tribute_sent a jugador 3 |
| 53:53 | CrismasTv · tribute_sent a jugador 4 |
| 53:53 | CrismasTv · tribute_sent a jugador 5 |
| 53:53 | CrismasTv · tribute_sent a jugador 7 |
| 53:53 | CrismasTv · tribute_sent a jugador 8 |
| 56:45 | R2Q8 · first_market_sell 100 food |
| 60:54 | CrismasTv · tribute_sent a jugador 1 |
| 60:54 | CrismasTv · tribute_sent a jugador 2 |
| 60:54 | CrismasTv · tribute_sent a jugador 3 |
| 60:54 | CrismasTv · tribute_sent a jugador 4 |
| 60:54 | CrismasTv · tribute_sent a jugador 5 |
| 60:54 | CrismasTv · tribute_sent a jugador 7 |
| 60:54 | CrismasTv · tribute_sent a jugador 8 |
| 61:52 | CrismasTv · wall_segment Stone Wall x6 |
| 69:38 | TehLegend · wall_segment Stone Wall x13 |
[ ANÁLISIS IA · 1 CRÉDITO ]
¿Qué pasó realmente en esta partida?
Wolo.gg analiza cada decisión: build order, eco, micro, errores típicos por bracket. Análisis personalizado por WhatsApp o Discord en 30 segundos.
Guía civ
Indostaníes
Guía mapa
Black Forest
Perfil
Meeting